 Dungeon Crawl Stone Soup version 0.30-a0-341-g682706514a (webtiles) character file.

Game seed: 11161551448819055988

604 Hybrs the Poker (level 7, -30/114 HPs)
             Began as an Ogre Gladiator on Nov 3, 2022.
             Killed by an exploding centaur (36 damage)
             ... ignited by their inner flame
             ... on level 4 of the Dungeon.
             The game lasted 00:14:26 (3012 turns).

Hybrs the Poker (Ogre Gladiator)                    Turns: 3012, Time: 00:14:26

Health: -30/114    AC: 23    Str: 21    XL:     7   Next: 42%
Magic:  7/7        EV:  1    Int: 15    God:
Gold:   169        SH:  0    Dex: 10    Spells: 6/6 levels left

rFire   . . .      SeeInvis .    a - +0 trident
rCold   . . .      Faith    .    (no shield)
rNeg    . . .      Spirit   .    (body armour currently unavailable)
rPois   +          Reflect  .    (helmet currently unavailable)
rElec   .          Harm     .    (cloak currently unavailable)
rCorr   .          Rampage  .    (gloves unavailable)
Will    .....      NoTele   +    (boots unavailable)
Stlth   +.........               (no amulet)
HPRegen 0.39/turn                k - +4 ring of slaying
MPRegen 0.10/turn                m - +6 ring of intelligence

@: mighty, brilliant, tree-form, hasted, very quick
A: stationary, stasis, torment immunity, boosted hp, large, unfitting armour,
(tough skin 1)
a: no special abilities


You were on level 4 of the Dungeon.
You were a tree.
You visited 1 branch of the dungeon, and saw 4 of its levels.

You collected 169 gold pieces.

Inventory:

Hand Weapons
 a - a +0 trident (weapon)
 w - a +4 dagger of protection
Missiles
 d - 3 throwing nets (quivered)
Armour
 c - a +1 hat (melded)
 v - a +2 robe of willpower (melded)
Jewellery
 k - a +4 ring of slaying (left branch)
 m - a +6 ring of intelligence (right branch)
Scrolls
 b - a scroll of teleportation {unknown}
 e - a scroll of brand weapon {unknown}
 g - a scroll of magic mapping {unknown}
 h - 4 scrolls of identify
 i - a scroll of enchant armour
 l - a scroll of blinking {unknown}
 p - a scroll of enchant weapon {unknown}
 q - a scroll of vulnerability {unknown}
 s - a scroll of summoning {unknown}
 t - a scroll of immolation
Potions
 u - a potion of lignification


   Skills:
 + Level 6.3 Fighting
 * Level 7.0 Polearms
 - Level 2.0 Throwing
 - Level 2.6 Dodging


You had 6 spell levels left.
You didn't know any spells.
Your spell library contained the following spells:

 Spells                   Type           Power      Damage    Failure   Level
 Necrotise                Necr           0%         1d4       26%         1
 Ignite Poison            Fire/Tmut/Pois 0%         N/A       63%         3
 Kindle Blastsparks       Fire/Tloc/Air  0%         2d10      63%         3
 Vampiric Draining        Necr           0%         2d6       63%         3
 Agony                    Necr           0%         N/A       100%        5
 Freezing Cloud           Conj/Ice/Air   0%         6-21      100%        5


Dungeon Overview and Level Annotations

Branches:
Dungeon (4/15)
 Temple: D:4-7

Altars:
Sif Muna

Shops:
D:2 =


Innate Abilities, Weirdness & Mutations

You are a tree.
Your roots penetrate the ground, keeping you stationary.
You cannot be teleported.
You are immune to unholy pain and torment.
Your maximum health is greatly increased.
Your equipment is partially melded.
You are too large for most types of armour.
((You have tough skin. (AC +1)))


Message History

You kill the centaur!
The dart slug launches a dart at you. The slug dart hits you.
* * * LOW HITPOINT WARNING * * *
The centaur shoots an arrow.
The arrow hits you.
* * * LOW HITPOINT WARNING * * *
Your Polearms skill increases to level 7!
It was a potion of heal wounds.
You feel much better.
The centaur shoots an arrow.
The arrow hits you!
* * * LOW HITPOINT WARNING * * *
You hit the dart slug.
The dart slug is moderately wounded.
The dart slug bites you but does no damage.
The centaur shoots an arrow.
The arrow hits you.
* * * LOW HITPOINT WARNING * * *
You impale the dart slug!!
You kill the dart slug!
The centaur shoots an arrow.
The arrow hits you but does no damage.
As you read the scroll labelled WILUIC OSKU, it crumbles to dust.
It is a scroll of enchant armour.
Your +0 hat glows green for a moment.
The centaur shoots an arrow.
The arrow hits you but does no damage.
There's something in the way.
The centaur shoots an arrow.
The arrow hits you!
* * * LOW HITPOINT WARNING * * *
Really quaff the potion of lignification?
You are stuck in your current form!
As you read the scroll labelled TELYIF XESOOR, it crumbles to dust.
The creatures around you are filled with an inner flame!
It was a scroll of immolation.
You puncture the centaur!
Flame seeps out of the centaur.
The centaur is moderately wounded.
The centaur is engulfed in blazing flames.
Flame seeps out of the centaur.
The centaur unwields a +0 shortbow.
The centaur barely misses you.
The centaur kicks you but does no damage.
You puncture the centaur!
The centaur explodes!
The fiery explosion engulfs you!!!
You die...

.# ##. .. .# #..
#. # .##.###.
###.##. ##.#
........ ....#.
#.#.# .##.###.
#.#.. .... .# #
#.#.# #..# .#
#.###.#.## ..# .
.#
#.......§##†##....
##
#####.##§○♣)...# #
#.######.#.# #
####.# .. # #....#
... ## #####.####
... .###.......##
.. ..##.##.....# ≈
...#.##.###.#
...'....# ...


There were no monsters in sight!

Vanquished Creatures
  Sigmund (D:2)
  A black bear (D:3)
  2 centaurs (D:4)
  A necrophage (D:3)
  Natasha (thrice) (D:2)
  An orc wizard (D:4)
  Robin (D:2)
  5 adders
  A dart slug (D:4)
  7 orcs
  3 ball pythons
  3 endoplasms
  2 giant cockroaches (D:1)
  17 goblins
  4 hobgoblins
  3 jackals (D:4)
  5 kobolds
  3 quokkas
  A bat (D:3)
  7 frilled lizards
  A rat (D:3)
72 creatures vanquished.

Notes
Turn   | Place    | Note
-------+----------+-------------------------------------------
     0 | D:1      | Hybrs the Ogre Gladiator began the quest for the Orb.
     0 | D:1      | Reached XP level 1. HP: 22/22 MP: 1/1
   176 | D:1      | Reached XP level 2. HP: 31/31 MP: 2/2
   641 | D:2      | Reached XP level 3. HP: 37/37 MP: 3/3
   709 | D:2      | Reached skill level 4 in Polearms
   967 | D:2      | Noticed Robin
   977 | D:2      | Reached XP level 4. HP: 43/48 MP: 4/4
   996 | D:2      | Killed Robin
  1121 | D:2      | Found Inanlae's Jewellery Shoppe.
  1129 | D:2      | Noticed Sigmund
  1138 | D:2      | Killed Sigmund
  1139 | D:2      | Reached skill level 5 in Fighting
  1139 | D:2      | Reached skill level 5 in Polearms
  1139 | D:2      | Reached XP level 5. HP: 40/57 MP: 5/5
  1139 | D:2      | Reached XP level 6. HP: 46/66 MP: 6/6
  1276 | D:2      | Noticed Natasha
  1285 | D:2      | Killed Natasha
  1379 | D:2      | Noticed Natasha
  1386 | D:2      | Killed Natasha
  1388 | D:2      | Noticed Natasha
  1394 | D:2      | Killed Natasha
  1395 | D:2      | Reached skill level 6 in Polearms
  1488 | D:2      | Found a faded altar of an unknown god.
  1737 | D:3      | Noticed a black bear
  1745 | D:3      | Killed a black bear
  1753 | D:3      | Reached XP level 7. HP: 22/74 MP: 7/7
  2200 | D:3      | Found a shimmering blue altar of Sif Muna.
  3004 | D:4      | Reached skill level 7 in Polearms
  3012 | D:4      | Killed by an exploding centaur... ignited by their inner
                  | flame

Illustrated notes

Levels and vault maps discovered:
D:1:      dpeg_arrival_stonehenge_12_columns, layout_rooms,
          chequers_serial_rivers_large_a, minmay_misc_feat_cross
D:2:      layout_basic, hellmonk_ecumenical_altar_slurped_away, serial_shops,
          nicolae_square_shop, uniq_sigmund, uniq_natasha, uniq_robin
D:3:      layout_basic, led_sif_book, minmay_misc_feat_tiny, st_stairs_5,
          minivault_14
D:4:      lemuel_castle_with_subvaults [lemuel_castle_interior_carwin_1],
          layout_loops_corners, mainiacjoe_overflow_catwalk_spiral,
          minmay_temple_entry_trees, minmay_manual_mares, uniq_blork_the_orc

Skill      XL: |  1  2  3  4  5  6  7 |
---------------+----------------------+-----
Fighting       | 3 5 6 |  6.3
Polearms       | 4 5 6 7 |  7.0
Throwing       | |  2.0
Dodging        | |  2.6

Action                   |  1- 3 |  4- 6 |  7- 9 || total
-------------------------+-------+-------+-------++-------
Melee: Trident           |    71 |    54 |    80 ||   205
       Punch             |       |       |     2 ||     2
  Use: Potion            |       |     1 |     6 ||     7
       Scroll            |       |       |     3 ||     3
 Stab: Sleeping          |     1 |     1 |     1 ||     3
Armor: Robe              |    15 |    16 |    26 ||    57
       Skin              |       |       |    32 ||    32
Dodge: Dodged            |    30 |    30 |    38 ||    98

Table legend: (Time is in decaauts)
 A = Elapsed time spent in this place.
 B = Non-inter-level travel time spent in this place.
 C = Inter-level travel time spent in this place.
 D = Time resting spent in this place.
 E = Time spent auto-exploring this place.
 F = Levels seen in this place.
 G = Mean time per level.
                   A        B        C        D        E       F      G
               +--------+--------+--------+--------+--------+-----+--------+
         Total |   3027 |   2862 |    165 |    449 |   1936 |   4 |  756.8 |
       Dungeon |   3027 |   2862 |    165 |    449 |   1936 |   4 |  756.8 |
               +--------+--------+--------+--------+--------+-----+--------+

Top non-repeatable levels by time:
     D:2: 1188 daAuts
     D:3: 1023 daAuts
     D:1: 500 daAuts
     D:4: 315 daAuts
